AoeStats
← 沒起房子我日

MegaRandom

508996087Analyzed
4v4 RM · 8d ago on Sep 25, 2026· 54m 53s· 8 players
Game mode
Random Map
Map size
Large (8 player)
Population
200
Speed
Normal
Resources
Standard
Victory
Conquest
Starting age
Dark Age
Ending age
Imperial Age
RankedLock teamsTeams togetherTeam positionsShared explorationLock speedFull tech treeHidden civsTurbo modeCheats
Victory
Defeat
🇹🇼 Varangians · Taiwan
1520
+15
🇨🇱 Persians · Chile
1457
+17
🇨🇱 Vietnamese · Chile
1444
+18
🇨🇱 Byzantines · Chile
1382
+20
🇪🇸 Danes · Spain
1575
-21
🇺🇸 Mongols · United States
1552
-20
🇨🇳 Britons · China
1444
-16
🇫🇮 Malians · Finland
1371
-13
Full power No shower
6:43 Loom
15:32 Feudal Age
26:44 Castle Age
26:59 Scale Mail Armor
26:49 Double-Bit Axe
38:56 Bow Saw
39:34 Pikeman
43:25 Gold Mining
43:26 Stone Mining
43:53 Horse Collar
44:29 Forging
51:00 Imperial Age
49:56 Wheelbarrow
50:56 Scale Barding Armor
51:04 Heavy Plow
51:32 Hand Cart
52:04 Gold Shaft Mining
51:59 Farimba
52:30 Chain Barding Armor
51:38 Light Cavalry
53:02 Husbandry
53:15 Bloodlines
53:47 Plate Barding Armor
55:05 Iron Casting
Dwarf king
10:49 Feudal Age
12:14 Loom
17:42 Double-Bit Axe
17:39 Horse Collar
24:09 Castle Age
22:54 Scale Barding Armor
22:40 Gold Mining
23:29 Forging
24:11 Bloodlines
25:08 Bow Saw
26:33 Iron Casting
26:14 Husbandry
30:42 Heavy Plow
32:41 Chain Barding Armor
37:58 Stone Mining
41:28 Imperial Age
39:38 Wheelbarrow
38:50 Town Watch
40:18 Fletching
40:46 Masonry
41:15 Gold Shaft Mining
41:18 Stone Shaft Mining
41:02 Hand Cart
43:17 Blast Furnace
41:41 Cavalier
48:17 Caravan
47:57 Light Cavalry
54:22 Bodkin Arrow
归来仍只会种田
6:20 Loom
9:11 Feudal Age
9:39 Double-Bit Axe
10:27 Gold Mining
13:49 Fletching
14:34 Horse Collar
22:26 Padded Archer Armor
25:21 Castle Age
26:20 Bodkin Arrow
26:13 Crossbowman
28:59 Bow Saw
31:22 Ballistics
32:18 Stone Mining
33:08 Gold Shaft Mining
40:37 Imperial Age
39:32 Wheelbarrow
39:41 Elite Skirmisher
40:46 Leather Archer Armor
41:21 Elite Skirmisher
43:36 Arbalester
Nobody
10:43 Feudal Age
14:41 Castle Age
13:01 Double-Bit Axe
14:30 Horse Collar
14:53 Loom
15:54 Squires
18:58 Fletching
20:51 Crossbowman
21:28 Bodkin Arrow
22:59 Padded Archer Armor
23:57 Leather Archer Armor
25:53 Husbandry
27:12 Thumb Ring
30:21 Bloodlines
31:10 Wheelbarrow
30:20 Town Watch
31:28 Ballistics
34:50 Imperial Age
34:29 Masonry
35:03 Murder Holes
35:43 Bow Saw
35:25 Gold Mining
36:09 Cranequins
36:52 Bracer
37:23 Ring Archer Armor
37:21 Conscription
38:47 Chemistry
38:28 Heavy Mounted Crossbowman
40:18 Elite Skirmisher
42:08 Pikeman
44:46 Gold Shaft Mining
44:41 Forging
44:31 Scale Mail Armor
43:53 Halberdier
46:18 Iron Casting
51:06 Blast Furnace
joseto.lld
2:06 Loom
18:20 Feudal Age
19:50 Double-Bit Axe
23:37 Castle Age
28:31 Crossbowman
33:12 Imperial Age
40:49 Thumb Ring
41:44 Arbalester
43:39 Fletching
43:51 Padded Archer Armor
44:20 Conscription
45:23 Bodkin Arrow
45:46 Leather Archer Armor
46:15 Bracer
47:35 Ballistics
52:07 Chemistry
51:46 Ring Archer Armor
51:04 Pikeman
54:04 Elite Skirmisher
mnelias
2:00 Loom
12:16 Feudal Age
13:26 Double-Bit Axe
21:53 Fletching
24:42 Horse Collar
26:02 Padded Archer Armor
30:09 Castle Age
28:44 Stone Mining
28:46 Gold Mining
30:36 Wheelbarrow
30:12 Crossbowman
31:06 Bodkin Arrow
32:29 Bow Saw
32:37 Heavy Plow
33:36 Leather Archer Armor
34:03 Elite Skirmisher
43:01 Ballistics
42:48 Guard Tower
45:21 Hand Cart
47:49 Imperial Age
46:54 Scale Mail Armor
49:35 Squires
49:11 Pikeman
51:54 Town Watch
52:27 Hand Cart
52:25 Forging
53:50 Iron Casting
54:21 Thumb Ring
55:10 Chain Mail Armor
沒起房子我日
7:21 Loom
9:48 Feudal Age
10:18 Double-Bit Axe
10:36 Horse Collar
12:17 Bloodlines
17:48 Scale Barding Armor
22:39 Castle Age
20:53 Gold Mining
22:09 Forging
23:33 Bow Saw
23:26 Husbandry
24:35 Chain Barding Armor
23:41 Light Cavalry
27:40 Wheelbarrow
28:32 Heavy Plow
31:33 Hand Cart
33:12 Iron Casting
37:12 Stone Mining
44:59 Imperial Age
42:18 Town Watch
42:55 Vendel Legacy
45:53 Stone Shaft Mining
45:52 Padded Archer Armor
45:15 Cavalier
46:10 Guilds
46:56 Plate Barding Armor
47:06 Conscription
46:56 Capped Ram
48:17 Siege Ram
51:58 Caravan
52:28 Coinage
53:26 Two-Man Saw
52:57 Crop Rotation
53:26 Scale Mail Armor
52:48 Pikeman
53:29 Squires
55:06 Blast Furnace
54:43 Banking
54:46 Masonry
Persir
6:57 Loom
9:16 Feudal Age
10:07 Double-Bit Axe
14:25 Horse Collar
17:32 Forging
18:54 Scale Barding Armor
19:51 Bloodlines
23:59 Castle Age
22:57 Gold Mining
24:17 Wheelbarrow
25:06 Chain Barding Armor
25:26 Heavy Plow
25:40 Bow Saw
32:37 Iron Casting
33:14 Husbandry
35:59 Hand Cart
41:02 Imperial Age
39:02 Town Watch
41:56 Plate Barding Armor
40:43 Cavalier
42:25 Blast Furnace
45:16 Light Cavalry
51:34 Crop Rotation
Connection lost

Rejoining the realm…

Still unreachable

The connection could not be restored.

Session expired

The server has moved on; the page needs a fresh start.